 Dungeon Crawl Stone Soup version 0.20-a0-642-g4ff03ff (console) character file.

9737 nht the Cleaver (level 11, -1/74 (75) HPs)
             Began as a Formicid Fighter on Feb 14, 2017.
             Was a High Priest of Okawaru.
             Slain by an acid dragon (6 damage)
             ... on level 10 of the Dungeon.
             The game lasted 00:18:03 (9639 turns).

nht the Cleaver (Formicid Fighter)                  Turns: 9639, Time: 00:18:04

HP:   -1/74 (75)    AC:  4    Str: 28    XL:     11   Next: 80%
MP:   18/18         EV:  8    Int:  8    God:    Okawaru [*****.]
Gold: 349           SH: 13    Dex:  8    Spells: 10/10 levels left

rFire    . . .     SeeInvis +   a - +1 war axe
rCold    . . .     Gourm    .   n - +4 ring mail
rNeg     + . .     Faith    .   c - +1 shield
rPois    .         Spirit   .   (helmet unavailable)
rElec    .         Reflect  +   B - +0 cloak "Kohoeqev" {MR++ Str+4 Dex-2}
rCorr    .         Harm     .   s - +0 pair of gloves
MR       +++..                  (no boots)
Stlth    +.........             w - +2 amulet of reflection
Regen    0.3/turn               N - ring of positive energy
MPRegen  0.2/turn               x - ring of stealth

@: corroded
A: permanent stasis, dig shafts and tunnels, four strong arms, antennae 3
a: Dig, Shaft Self, Heroism, Finesse, Renounce Religion


You were on level 10 of the Dungeon.
You worshipped Okawaru.
Okawaru was extremely pleased with you.
You were not hungry.

You visited 2 branches of the dungeon, and saw 11 of its levels.
You also visited: Sewer and Ossuary.

You collected 686 gold pieces.
You spent 337 gold pieces at shops.

Inventory:

Hand Weapons
 a - a +1 war axe (weapon)
 p - a +0 hand crossbow
Missiles
 d - 50 bolts
Armour
 c - a +1 shield (worn)
 n - a +4 ring mail (worn)
 s - a +0 pair of gloves (worn)
 B - the +0 cloak "Kohoeqev" (worn) {MR++ Str+4 Dex-2}
   (You bought it in a shop on level 4 of the Dungeon)

   It affects your strength (+4).
   It affects your dexterity (-2).
   It affects your resistance to hostile enchantments.
 Q - a +0 troll leather armour
Jewellery
 w - a +2 amulet of reflection (around neck)
 x - a ring of stealth (left hand)
 N - a ring of positive energy (right hand)
Wands
 y - a wand of polymorph (1/24)
 A - a wand of polymorph (0/24)
 C - a wand of lightning (8/15)
 D - a wand of acid (1/15)
 F - a wand of random effects (0/48)
 O - a wand of enslavement (11/24)
Scrolls
 e - 3 scrolls of identify
 k - 3 scrolls of immolation
 m - 4 scrolls of enchant weapon
 o - 4 scrolls of remove curse
 q - 2 scrolls of fear
 H - 2 scrolls of amnesia
 J - a scroll of magic mapping
 L - 3 scrolls of fog
Potions
 b - 2 potions of cancellation
 g - 3 potions of heal wounds
 i - 3 potions of ambrosia
 j - 3 potions of resistance
 l - 4 potions of mutation
 t - 2 potions of curing
 u - 4 potions of flight
 v - 3 potions of brilliance
 z - a potion of magic
 M - a potion of degeneration {unknown}
Books
 r - a book of Clouds

   Spells                             Type                      Level
   a - Poisonous Vapours              Poison/Air                   2
   b - Mephitic Cloud                 Conjuration/Poison/Air       3
   c - Conjure Flame                  Conjuration/Fire             3
   d - Freezing Cloud                 Conjuration/Ice/Air          6
   e - Ring of Flames                 Charms/Fire                  7
 I - a book of Battle

   Spells                             Type                      Level
   a - Infusion                       Charms                       1
   b - Shroud of Golubria             Charms/Translocation         2
   c - Song of Slaying                Charms                       2
   d - Spectral Weapon                Hexes/Charms                 3
   e - Regeneration                   Charms/Necromancy            3
 K - a book of Transfigurations

   Spells                             Type                      Level
   a - Irradiate                      Conjuration/Transmutation    5
   b - Statue Form                    Transmutation/Earth          6
   c - Hydra Form                     Transmutation                6
   d - Dragon Form                    Transmutation                7
Comestibles
 f - 5 bread rations
 h - 8 meat rations
 E - a fruit
 G - 4 royal jellies
 P - 12 chunks of flesh


   Skills:
 - Level 3.2 Fighting
 + Level 14.2 Axes
 + Level 5.2 Crossbows
 - Level 3.2 Armour
 - Level 3.6 Shields
 + Level 9.9 Invocations


You had 10 spell levels left.
You didn't know any spells.

Dungeon Overview and Level Annotations

Branches:
Dungeon (10/15)            Temple (1/1) D:5            Lair (0/6) D:8
    Orc (0/2) D:10

Altars:
Ashenzari
Cheibriados
Dithmenos
Elyvilon
Fedhas
Gozag
Hepliaklqana
Kikubaaqudgha
Makhleb
Nemelex Xobeh
Okawaru
Qazlal
Ru
Sif Muna
Trog
Uskayaw
Vehumet
Xom
Yredelemnul
Zin
The Shining One

Shops:
D:4 [


Innate Abilities, Weirdness & Mutations

You cannot be hasted, slowed, berserked, paralysed or teleported.
You can dig through walls and to a lower floor.
Your four strong arms can wield two-handed weapons with a shield.
You have a pair of large antennae on your head. (SInv)


Message History

You hit the acid dragon but do no damage.
The acid dragon is almost dead.
Your shield prevents you from hitting the acid dragon.
The acid dragon is almost dead.
The acid dragon bites you but does no damage.
You block the acid dragon's attack.
You hit the acid dragon but do no damage.
The acid dragon is almost dead.
The acid dragon bites you!
* * * LOW HITPOINT WARNING * * *
You block the acid dragon's attack.
You hit the acid dragon but do no damage.
The acid dragon is almost dead.
The acid dragon bites you.
* * * LOW HITPOINT WARNING * * *
You block the acid dragon's attack.
You barely miss the acid dragon.
The acid dragon is almost dead.
The acid dragon bites you.
You die...

█.█.███.█
████████████(█.....█
█.............██████
█.)...........█
█.....).......█
█.............█ {
█...█.█████████
█...█)█ █...█@█
█...█)D..>..█
█...█.█.....█
█████.█8...8█ █.█


█████ ..█ .██ . You could see an acid dragon.

Vanquished Creatures
  Erolcha (D:9)
  Erica (D:9)
  A two-headed ogre (D:9)
  The ghost of nht the Cleaver, a novice FoHu (D:7)
  Pikel (D:8)
  Maurice (D:8)
  A komodo dragon (D:8)
  A troll (D:10)
  2 hippogriffs (D:9)
  The ghost of nht the Chopper, an amateur FoFi (D:4)
  Edmund (D:6)
  3 sky beasts
  Purgy (Sewer)
  6 orc warriors
  2 ice beasts (D:9)
  3 slaves (D:8)
  A black bear (D:9)
  A necrophage (D:8)
  9 ogres
  4 centaurs
  3 big kobolds
  9 bullfrogs
  3 gnoll sergeants (D:10)
  10 killer bees
  A scorpion (D:6)
  2 crimson imps
  A jelly (D:8)
  3 bullfrog zombies
  5 hounds
  A bullfrog skeleton (D:4)
  A centaur zombie (D:6)
  4 orc priests
  2 iguanas
  9 orc wizards
  8 worker ants
  A big kobold zombie (Ossuary)
  8 mummies (Ossuary)
  A worker ant zombie (D:10)
  8 gnolls
  5 adders (D:4)
  2 oozes
  3 adder skeletons
  2 worms
  A dart slug (D:1)
  3 leopard geckos
  37 orcs
  4 bats
  8 giant cockroaches
  9 goblins
  6 hobgoblins
  9 jackals
  3 quokkas
  5 frilled lizards
  2 hobgoblin zombies (Ossuary)
  10 kobolds
  3 kobold zombies (Ossuary)
  A leopard gecko skeleton (D:6)
  2 orc zombies (Ossuary)
  7 rats
244 creatures vanquished.

Vanquished Creatures (others)
  A centaur (D:7)
  A plant (D:8)
2 creatures vanquished.

Grand Total: 246 creatures vanquished

Notes
Turn   | Place    | Note
-------+----------+-------------------------------------------
     0 | D:1      | nht the Formicid Fighter began the quest for the Orb.
     0 | D:1      | Reached XP level 1. HP: 18/18 MP: 1/1
    43 | D:1      | Reached XP level 2. HP: 19/24 MP: 2/2
   124 | D:1      | Reached skill level 3 in Axes
   141 | D:1      | Reached XP level 3. HP: 26/29 MP: 3/3
   660 | D:2      | Reached XP level 4. HP: 30/35 MP: 4/4
   682 | D:2      | Reached skill level 4 in Axes
  1900 | D:4      | Reached skill level 5 in Axes
  1900 | D:4      | Reached XP level 5. HP: 41/41 MP: 5/5
  1926 | D:4      | Found Edwiotru's Armour Emporium.
  1953 | D:4      | Noticed nht's ghost (amateur FoFi)
  1962 | D:4      | Killed nht's ghost
  1962 | D:4      | Reached skill level 6 in Axes
  1962 | D:4      | Reached XP level 6. HP: 38/47 MP: 6/6
  2011 | D:4      | Reached skill level 7 in Axes
  2011 | D:4      | Reached XP level 7. HP: 47/52 MP: 7/7
  2177 | D:4      | Found a glowing drain.
  2213 | Sewer    | Entered a sewer
  2269 | Sewer    | Noticed Purgy
  2287 | Sewer    | Killed Purgy
  2536 | D:4      | Found a runed door.
  2946 | D:5      | Entered Level 5 of the Dungeon
  2951 | D:5      | Reached skill level 8 in Axes
  3037 | D:5      | Reached XP level 8. HP: 42/58 MP: 8/8
  3095 | D:5      | Found a sand-covered staircase.
  3100 | Ossuary  | Entered an ossuary
  3273 | Ossuary  | Reached skill level 9 in Axes
  3732 | D:5      | Found a staircase to the Ecumenical Temple.
  3767 | Temple   | Entered the Ecumenical Temple
  4012 | Temple   | Became a worshipper of Warmaster Okawaru
  4064 | D:5      | Found a sacrificial altar of Ru.
  4199 | D:5      | Reached skill level 10 in Axes
  4613 | D:6      | Reached skill level 1 in Invocations
  4613 | D:6      | Reached XP level 9. HP: 57/64 MP: 9/9
  4719 | D:6      | Found a shimmering altar of Xom.
  4772 | D:6      | Reached * piety under Okawaru
  5274 | D:6      | Reached skill level 11 in Axes
  5315 | D:6      | Noticed Edmund
  5334 | D:6      | Killed Edmund
  5636 | D:4      | Bought the +0 cloak "Kohoeqev" {MR++ Str+4 Dex-2} for 337 gold pieces
  5695 | D:4      | Noticed Crazy Yiuf
  5698 | D:4      | Noticed Crazy Yiuf
  5698 | D:4      | Crazy Yiuf changed into Crazy Yiuf the worker ant
  5701 | D:4      | Killed Crazy Yiuf the worker ant
  6126 | D:7      | Noticed nht's ghost (novice FoHu)
  6165 | D:7      | Killed nht's ghost
  6165 | D:7      | Reached ** piety under Okawaru
  6165 | D:7      | Reached skill level 12 in Axes
  6165 | D:7      | Reached skill level 5 in Invocations
  6165 | D:7      | Reached XP level 10. HP: 70/70 MP: 13/13
  6592 | D:8      | Noticed Maurice
  6605 | D:8      | Killed Maurice
  6642 | D:8      | Found a staircase to the Lair.
  6643 | D:8      | Noticed a komodo dragon
  6643 | D:8      | Noticed Pikel
  6697 | D:8      | Killed Pikel
  6697 | D:8      | Reached *** piety under Okawaru
  6708 | D:8      | Killed a komodo dragon
  6723 | D:7      | Reached skill level 13 in Axes
  7557 | D:8      | Found a sparkling altar of Nemelex Xobeh.
  7557 | D:8      | Found a stormy altar of Qazlal.
  7557 | D:8      | Found a basalt altar of Yredelemnul.
  7557 | D:8      | Found a hazy altar of Hepliaklqana.
  7569 | D:8      | Found a blossoming altar of Fedhas.
  7569 | D:8      | Found a shadowy altar of Dithmenos.
  7731 | D:8      | Reached **** piety under Okawaru
  7850 | D:9      | Noticed a two-headed ogre
  7861 | D:9      | Killed a two-headed ogre
  7861 | D:9      | Reached skill level 1 in Crossbows
  7861 | D:9      | Reached XP level 11. HP: 24/74 MP: 15/17
  8228 | D:9      | Noticed Erolcha
  8353 | D:9      | Killed Erolcha
  8421 | D:9      | Noticed Erica
  8446 | D:9      | Killed Erica
  8495 | D:9      | Reached skill level 14 in Axes
  8876 | D:9      | Reached ***** piety under Okawaru
  9239 | D:10     | Entered Level 10 of the Dungeon
  9333 | D:10     | Found a staircase to the Orcish Mines.
  9347 | D:10     | Reached skill level 5 in Crossbows
  9639 | D:10     | Slain by an acid dragon

Vault maps used:
D:1:      dpeg_arrival_long_road
D:2:      st_stairs_6
D:4:      serial_shops, nicolae_shop_waterfront, gup_sewer_entry_glass,
          minmay_misc_feat_iff, serial_bayou_pond_d, uniq_crazy_yiuf_cottage
D:5:      nicolae_ru_the_path_less_chosen, minmay_temple_entry_trees,
          nicolae_ossuary_entry_false_entrances, first_bread
D:6:      basic_altar, uniq_edmund
D:7:      minivault_1
D:8:      minmay_overflow_temple_hex, david_lair_shrubbed, uniq_pikel,
          uniq_maurice
D:9:      kennysheep_minor_cross, uniq_erica, uniq_erolcha
D:10:     kennysheep_orc_monster_closet_entryway
Temple:   minmay_temple_curvy_branch
Sewer:    sewer_the_crocodile
Ossuary:  ossuary_tomb_3

Skill      XL: |  1  2  3  4  5  6  7  8  9 10 11 |
---------------+----------------------------------+-----
Axes           | 3 5 6 7 8 10 12 13 14 | 14.2
Invocations    | 1 5 8 9 |  9.9
Crossbows      | 1 5 |  5.2
Fighting       | |  3.2
Armour         | |  3.2
Shields        | |  3.6

Action                   |  1- 3 |  4- 6 |  7- 9 | 10-12 || total
-------------------------+-------+-------+-------+-------++-------
Melee: War axe           |    88 |    73 |   296 |   392 ||   849
Invok: Heroism           |       |       |       |     4 ||     4
Evoke: Wand              |       |       |     6 |    48 ||    54
  Use: Potion            |       |     4 |     2 |       ||     6
       Scroll            |       |       |    19 |     5 ||    24
 Stab: Distracted        |       |       |       |     1 ||     1
       Sleeping          |       |       |       |     1 ||     1
  Eat: Chunk             |       |     4 |    10 |    10 ||    24
       Bread ration      |       |       |     1 |       ||     1
Armor: Scale mail        |    28 |    33 |    28 |       ||    89
       Ring mail         |       |       |    55 |   113 ||   168
Dodge: Dodged            |    28 |    35 |    84 |    98 ||   245
Block: Shield            |    54 |    42 |   161 |   237 ||   494
       Reflection        |       |       |     3 |     8 ||    11
